 Dungeon Crawl Stone Soup version 0.24-b1-44-g37ad8b309f (webtiles) character file.

Game seed: 7195505552903966527, levelgen mode: deterministic

341 Mrkan the Cudgeler (level 6, -2/38 HPs)
             Began as a Tengu Fighter on Oct 24, 2019.
             Was an Initiate of Yredelemnul.
             Slain by an orc wizard
             ... wielding a +0 dagger of electrocution
              (4 damage)
             ... on level 4 of the Dungeon.
             The game lasted 00:06:16 (3113 turns).

Mrkan the Cudgeler (Tengu Fighter)                  Turns: 3113, Time: 00:06:16

Health: -2/38      AC:  6    Str: 18    XL:     6   Next: 56%
Magic:  7/7        EV:  7    Int:  9    God:    Yredelemnul [......]
Gold:   102        SH:  9    Dex: 13    Spells: 5/5 levels left

rFire    . . .     SeeInvis .   a - +0 flail
rCold    . . .     Gourm    .   c - +0 shield
rNeg     . . .     Faith    .   b - +0 scale mail
rPois    .         Spirit   .   (helmet restricted)
rElec    .         Reflect  .   (no cloak)
rCorr    .         Harm     .   (no gloves)
MR       .....                  (boots unavailable)
Stlth    ..........             (no amulet)
HPRegen  0.12/turn              (no ring)
MPRegen  0.10/turn              (no ring)

@: no status effects
A: beak, talons 3, able to fly
a: Fly, Renounce Religion


You were on level 4 of the Dungeon.
You worshipped Yredelemnul.
Yredelemnul was noncommittal.
You were not hungry.

You visited 1 branch of the dungeon, and saw 4 of its levels.

You collected 102 gold pieces.

Inventory:

Hand Weapons
 a - a +0 flail (weapon)
 n - a +0 lajatang
 v - a +3 flail
Missiles
 k - 5 silver javelins (quivered)
 r - 23 poisoned darts
Armour
 b - a +0 scale mail (worn)
 c - a +0 shield (worn)
Jewellery
 g - an uncursed ring of protection from magic {unknown}
Wands
 w - a wand of flame (17)
Scrolls
 j - 6 scrolls of remove curse {unknown}
 l - 6 scrolls of identify {unknown}
 m - 4 scrolls of teleportation {unknown}
 o - 2 scrolls of fog {unknown}
 p - 3 scrolls of blinking {unknown}
Potions
 h - a potion of lignification {unknown}
 q - a potion of flight {unknown}
 s - a potion of berserk rage {unknown}
 t - a potion of mutation {unknown}
 u - 2 potions of degeneration {unknown}
 x - a potion of heal wounds {unknown}
Comestibles
 d - 2 chunks of flesh
 f - 3 rations


   Skills:
 + Level 4.2 Fighting
 * Level 5.2 Maces & Flails
 - Level 3.2 Armour
 + Level 4.3 Shields
 + Level 1.2 Invocations


You had 5 spell levels left.
You didn't know any spells.
Your spell library was empty.

Dungeon Overview and Level Annotations

Branches:
Dungeon (4/15)
 Temple: D:4-7

Altars:
Ashenzari
Cheibriados
Dithmenos
Kikubaaqudgha
Makhleb
Sif Muna
Trog
Xom
Yredelemnul


Innate Abilities, Weirdness & Mutations

You have a beak for a mouth.
You have claws for feet.
You can fly continuously.


Message History

You thump the orc wizard! Your kick misses the orc wizard.
The orc wizard is severely wounded.
You feel sick.
The orc wizard gestures at you while chanting.
The magic dart hits you but does no damage.
An orc wizard comes into view. It is wielding a -3 dagger.
You hit the orc wizard. You claw the orc wizard.
You kill the orc wizard!
Yredelemnul accepts your kill.
You feel sick.
You hear some strange, mumbled words.
A magic dart appears from out of thin air!
The magic dart hits you.
* * * LOW HITPOINT WARNING * * *
You feel better. Something hits you but does no damage.
You are electrocuted!
* * * LOW HITPOINT WARNING * * *
Your shield prevents you from hitting something.
You claw something. Your peck misses something. Something hits you.
You die...
Your body rises from the dead as a mindless zombie.

#...###^# #..###..#
#..÷....# ♣♣♣♣
##.###..#####♣♣..♣♣##
#####.#
#......'......'.
.....#
#......'......'.
..###
#..#####♣♣..♣♣##
##.#####..# ♣♣♣♣
#...##@#..#
###...#{#...# ####
.##..(.oo###.......
..... ..<....†##
##...... .####
###....!.###.#####.#
###..†....... #
#...####### ##.#. .#
.≈


You could see an orc wizard and an orc.

Vanquished Creatures
  2 scorpions (D:4)
  An orc wizard (D:4)
  Terence (D:3)
  A worker ant (D:4)
  6 adders
  An ooze (D:1)
  3 worms (D:3)
  An adder skeleton (D:4)
  3 dart slugs
  A leopard gecko (D:3)
  2 orcs (D:3)
  7 ball pythons
  3 giant cockroaches
  11 goblins
  12 hobgoblins
  11 jackals
  A ball python skeleton (D:4)
  8 bats
  A frilled lizard (D:1)
  5 kobolds
  10 rats
91 creatures vanquished.

Notes
Turn   | Place    | Note
-------+----------+-------------------------------------------
     0 | D:1      | Mrkan the Tengu Fighter began the quest for the Orb.
     0 | D:1      | Reached XP level 1. HP: 14/14 MP: 2/2
    36 | D:1      | Reached XP level 2. HP: 10/19 MP: 3/3
   251 | D:1      | Reached skill level 3 in Maces & Flails
   335 | D:1      | Reached XP level 3. HP: 23/23 MP: 4/4
  1115 | D:2      | Reached XP level 4. HP: 25/28 MP: 5/5
  1515 | D:2      | Found a burning altar of Makhleb.
  1517 | D:2      | Noticed an Executioner
  1591 | D:2      | Reached skill level 4 in Maces & Flails
  2265 | D:3      | Noticed Terence
  2285 | D:3      | Killed Terence
  2285 | D:3      | Gained mutation: You can fly continuously. [Tengu growth]
  2285 | D:3      | Reached XP level 5. HP: 23/33 MP: 6/6
  2839 | D:4      | Found a shadowy altar of Dithmenos.
  2839 | D:4      | Found a basalt altar of Yredelemnul.
  2839 | D:4      | Found a shimmering blue altar of Sif Muna.
  2840 | D:4      | Found an ancient bone altar of Kikubaaqudgha.
  2840 | D:4      | Found a bloodstained altar of Trog.
  2841 | D:4      | Found a snail-covered altar of Cheibriados.
  2841 | D:4      | Found a shimmering altar of Xom.
  2842 | D:4      | Found a shattered altar of Ashenzari.
  2864 | D:4      | Became a worshipper of Yredelemnul the Dark
  2911 | D:4      | Reached XP level 6. HP: 6/38 MP: 7/7
  2933 | D:4      | Reached skill level 5 in Maces & Flails
  3100 | D:4      | Reached skill level 1 in Invocations
  3113 | D:4      | Slain by an orc wizard

Skill      XL: |  1  2  3  4  5  6 |
---------------+-------------------+-----
Maces & Flails | 3 4 5 |  5.2
Shields        | 4 |  4.3
Fighting       | 4 |  4.2
Invocations    | 1 |  1.2
Armour         | |  3.2

Action                   |  1- 3 |  4- 6 || total
-------------------------+-------+-------++-------
Melee: Flail             |   100 |   139 ||   239
       Kick              |    28 |    35 ||    63
       Peck              |    12 |    24 ||    36
  Use: Potion            |       |     3 ||     3
  Eat: Chunk             |     1 |     3 ||     4
       Ration            |       |     1 ||     1
Armor: Scale mail        |    44 |    52 ||    96
Dodge: Dodged            |    28 |    37 ||    65
Block: Shield            |    54 |    68 ||   122
